Map: [ESL] Solaris

Players

DRG - Winner!

  • Race: Zerg Zerg
  • Spawn Location: 1:00

Reaper

  • Race: Zerg Zerg
  • Spawn Location: 7:00

Event: ESL SC2 Masters 2023 Winter (Finals)

VOD

Have the link to the VOD?

Description

Time

  • Played on: Dec. 15, 2023, 11:23 a.m.
  • Length: 7:03

All games in this series

Show
View Real Time Build Order
Export as new Build Order

DRG Zerg - Winner!

Build Orders: Hatch First 

Get SALT Encoding   

  12  0:00  Drone  
  13  0:07  Drone  
  14  0:14  Extractor, Drone  
  15  0:36  Hatchery  
  15  0:40  Extractor  
  15  0:42  Drone  
  14  0:47  Overlord  
  15  1:02  Spawning Pool  
  14  1:06  Drone  
  14  1:09  Drone  
  16  1:12  Drone  
  16  1:17  Drone  
  18  1:29  Drone  
  18  1:31  Extractor  
  18  1:39  Drone  
  19  1:48  Queen x2  
  19  1:50  Drone  
  19  1:51  Drone  
  25  2:02  Drone x2  
  27  2:11  Overlord  
  27  2:12  Drone  
  28  2:29  Queen  
  30  2:30  Drone  
  30  2:31  Drone  
  30  2:35  Overlord  
  30  2:37  Drone  
  33  2:42  Drone  
  33  2:43  Drone  
  35  2:54  Drone x2  
  37  2:59  Drone x6  
  37  3:03  Evolution Chamber  
  42  3:07  Lair  
  42  3:08  Drone  
  42  3:10  Drone  
  44  3:15  Extractor  
  44  3:16  Extractor  
  44  3:18  Drone, Roach Warren  
  42  3:23  Drone  
  43  3:28  Drone  
  43  3:29  Overlord  
  43  3:31  Zerg Missile Weapons Level 1  
  43  3:33  Overlord  
  44  3:48  Drone, Hatchery  
  44  3:49  Drone x3  
  47  4:04  Roach x2  
  47  4:05  Glial Reconstitution, Roach x2  
  47  4:06  Overseer  
  47  4:09  Overlord  
  55  4:13  Overlord  
  55  4:18  Roach x2  
  55  4:22  Overlord  
  59  4:28  Roach x3  
  65  4:36  Roach x3  
  71  4:41  Roach x2  
  75  4:46  Roach x2  
  75  4:52  Roach x2  
  83  4:54  Overlord  
  83  4:56  Overlord  
  83  5:01  Roach  
  83  5:05  Roach x2  
  89  5:11  Overlord x2  
  89  5:15  Roach x2  
  93  5:24  Roach x2  
  97  5:30  Roach x4  
  105  5:36  Roach x2  
  109  5:44  Roach x4  
  109  5:48  Overlord  
  117  5:50  Overlord  
  117  5:53  Overlord  
  117  5:57  Overlord  
  117  6:00  Overlord  
  117  6:09  Roach x4  
  123  6:19  Roach x4  
  123  6:27  Roach  
  123  6:28  Roach x2  
  123  6:30  Roach x2  
  133  6:39  Roach x3  
Show
View Real Time Build Order
Export as new Build Order

Reaper Zerg 

Build Orders: Hatch First 

Get SALT Encoding   

  12  0:00  Drone  
  13  0:12  Overlord  
  13  0:17  Drone  
  14  0:30  Drone x2  
  16  0:48  Hatchery  
  15  0:51  Drone  
  15  0:55  Drone  
  17  0:58  Drone  
  18  1:08  Extractor  
  17  1:13  Spawning Pool  
  17  1:16  Drone  
  17  1:20  Drone  
  18  1:27  Drone  
  19  1:38  Drone  
  20  1:48  Overlord  
  20  2:01  Drone x2, Queen x2  
  26  2:10  Drone  
  26  2:11  Drone  
  28  2:22  Drone x2  
  30  2:31  Drone  
  30  2:32  Drone  
  32  2:37  Lair, Queen  
  32  2:42  Overlord  
  32  2:43  Drone  
  35  2:47  Evolution Chamber  
  34  2:53  Drone x2  
  34  2:56  Roach Warren  
  35  3:06  Drone, Overlord  
  35  3:09  Drone x3  
  35  3:10  Drone  
  40  3:14  Zerg Missile Weapons Level 1  
  40  3:16  Drone  
  40  3:18  Drone  
  42  3:20  Drone  
  42  3:22  Drone  
  44  3:30  Drone x2  
  44  3:33  Extractor  
  45  3:35  Extractor  
  45  3:38  Glial Reconstitution  
  45  3:40  Overlord  
  44  3:41  Drone  
  44  3:42  Drone x2  
  44  3:44  Overlord  
  48  3:48  Drone  
  48  3:49  Overlord  
  48  3:59  Drone  
  48  4:01  Overlord  
  49  4:05  Overseer  
  49  4:06  Overlord  
  49  4:13  Hatchery  
  49  4:15  Roach x2  
  52  4:20  Roach x2  
  56  4:25  Roach x2  
  56  4:29  Overlord  
  56  4:31  Roach  
  62  4:34  Overlord  
  62  4:43  Overlord  
  62  4:46  Roach x2  
  62  4:48  Drone  
  62  4:52  Drone x3  
  70  4:54  Drone x3  
  70  4:56  Overlord  
  73  5:02  Drone  
  74  5:16  Roach x2  
  74  5:17  Overlord  
  74  5:20  Extractor  
  77  5:21  Drone  
  77  5:25  Drone x3  
  77  5:26  Overlord  
  77  5:27  Roach  
  83  5:29  Overlord  
  83  5:30  Pneumatized Carapace  
  83  5:32  Roach x2  
  87  5:37  Roach x2  
  91  5:43  Overlord x4  
  91  5:44  Roach x2  
  91  5:47  Overlord  
  95  5:51  Roach  
  95  5:54  Overlord  
  95  5:56  Roach, Overlord  
  99  6:00  Roach x3  
  99  6:02  Roach x2  
  109  6:07  Roach x3  
  110  6:19  Roach x4  
  105  6:26  Roach x5  
  105  6:27  Roach  
  115  6:39  Extractor, Roach Warren  
Tags
 
Add a new tag
Caveats
  • Supply blocks, unpowered buildings, or Contaminate may cause inaccurate times.
  • Supply counts are checked every 10 seconds.